 Seeded DCSS version 0.29-a0-121-g8efb068 (webtiles) character file.

Game seed: 4274884859091243861 (custom seed)

395 edsrzf the Poker (level 6, 0/105 HPs)
             Began as a Merfolk Summoner on Feb 20, 2022.
             Succumbed to a scorpion's poison
             ... on level 4 of the Dungeon.
             The game lasted 00:17:30 (7594 turns).

edsrzf the Poker (Merfolk Summoner)                 Turns: 7594, Time: 00:17:30

Health: 0/105      AC: 23    Str:  8 (10) XL:     6   Next: 82%
Magic:  5/9        EV:  2    Int: 13 (14) God:
Gold:   91         SH:  0    Dex: 15      Spells: 6/9 levels left

rFire   + . .      SeeInvis .   (no weapon)
rCold   + . .      Faith    .   (no shield)
rNeg    . . .      Spirit   .   (armour currently unavailable)
rPois   +          Reflect  .   (helmet currently unavailable)
rElec   +          Harm     .   (cloak currently unavailable)
rCorr   +          Rampage  .   (gloves currently unavailable)
Will    .....      Clarity  +   (boots currently unavailable)
Stlth   .......... NoTele   +   (no amulet)
HPRegen 0.27/turn               (no ring)
MPRegen 0.11/turn               (no ring)

@: berserking, lethally poisoned (0 -> -2), tree-form, resistant, very quick
A: stationary, stasis, torment immunity, boosted hp, (nimble swimmer 2),
(mertail), clarity, evolution 1
a: no special abilities


You were on level 4 of the Dungeon.
You were a tree.
You visited 1 branch of the dungeon, and saw 5 of its levels.

You collected 91 gold pieces.

Inventory:

Hand Weapons
 a - a +0 trident
Missiles
 h - 8 boomerangs (quivered)
 r - 2 poisoned darts
Armour
 j - a +0 robe (melded)
 p - a +0 helmet (melded)
Jewellery
 s - a ring of flight
Scrolls
 l - a scroll of amnesia
 m - a scroll of identify {@r1}
 t - a scroll of magic mapping {unknown}
Potions
 b - a potion of flight
 c - a potion of lignification
 d - a potion of mutation {!q}
 i - 2 potions of degeneration
 k - 3 potions of might


   Skills:
 - Level 3.0 Fighting
 + Level 7.1 Polearms
 - Level 5.0 Dodging
 - Level 2.1 Stealth
 - Level 2.0 Spellcasting
 - Level 4.0 Summonings


You had 6 spell levels left.
You knew the following spells:

 Your Spells              Type           Power      Damage    Failure   Level
a - Summon Small Mammal   Summ           44%        N/A       4%          1
b - Call Imp              Summ           11%        N/A       8%          2

Your spell library contained the following spells:

 Spells                   Type           Power      Damage    Failure   Level
 Call Canine Familiar     Summ           11%        N/A       14%         3
 Summon Guardian Golem    Hex/Summ       6%         N/A       32%         3
 Corpse Rot               Necr/Air       2%         N/A       36%         2
 Poisonous Vapours        Pois/Air       2%         N/A       36%         2
 Scorch                   Fire           2%         2d5       36%         2
 Summon Lightning Spire   Summ/Air       6%         N/A       73%         4
 Flame Wave               Conj/Fire      1%         2d4       94%         4
 Summon Cactus Giant      Summ           5%         N/A       100%        6


Dungeon Overview and Level Annotations

Branches:
Dungeon (5/15)             Temple (0/1) D:4

Altars:
Ashenzari
Sif Muna

Shops:
D:1 [

Annotations:
D:3 2 transporters, vykuza's ghost, amateur DrVM


Innate Abilities, Weirdness & Mutations

You are a tree.
Your roots penetrate the ground, keeping you stationary.
You cannot be teleported.
You are immune to unholy pain and torment.
Your maximum health is greatly increased.
Your equipment is partially melded.
((You are very nimble when in or above water. (Stealth+, EV+, Speed+++)))
((Your lower body shifts to a powerful aquatic tail in water.))
You possess an exceptional clarity of mind.
You have hidden genetic potential.


Message History

A beastly little devil appears in a puff of flame.
You feel sick. The scorpion stings you.
* * * LOW HITPOINT WARNING * * *
You are lethally poisoned!
The scorpion poisons you!
You feel much better.
You feel very sick. The scorpion barely misses you.
You swap places.
You feel very sick. The scorpion stings your crimson imp.
The scorpion completely misses your crimson imp.
You feel sick.
Your crimson imp hits the scorpion but does no damage.
The scorpion stings your crimson imp.
You feel sick.
Your crimson imp hits the scorpion but does no damage.
The scorpion stings your crimson imp but does no damage.
Okay, then.
As you read the scroll labelled NIMNUTHROBIK, it crumbles to dust.
Your body is wracked with pain!
* * * LOW HITPOINT WARNING * * *
The scorpion convulses!
It was a scroll of torment.
You feel sick.
Your crimson imp hits the scorpion but does no damage.
The scorpion barely misses your crimson imp.
Okay, then.
You feel sick.
Your crimson imp hits the scorpion.
The scorpion closely misses your crimson imp.
You feel sick.
The scorpion stings your crimson imp but does no damage.
Your crimson imp hits the scorpion.
The scorpion stings your crimson imp.
Press: ? - help, v - describe, . - travel
Here: a crimson imp (severely wounded, summoned, friendly)
The floor.
Unknown command.
You feel sick.
Your crimson imp closely misses the scorpion.
The scorpion stings your crimson imp.
Your crimson imp dies!
Your crimson imp disappears in a puff of smoke!
Casting: Call Imp (safe; 8% risk of failure)
Confirm with . or Enter, or press ? or * to list all spells.
A beastly little devil appears in a puff of flame.
You feel sick.
You feel sick.
You swap places.
You feel sick.
You are no longer poisoned.
The scorpion barely misses your crimson imp.
Your crimson imp barely misses the scorpion.
The scorpion misses your crimson imp.
The scorpion barely misses your crimson imp.
Your crimson imp hits the scorpion but does no damage.
The scorpion stings your crimson imp.
Your crimson imp is poisoned.
The scorpion poisons your crimson imp!
Your crimson imp hits the scorpion but does no damage.
The scorpion closely misses your crimson imp.
Your crimson imp barely misses the scorpion.
The scorpion stings your crimson imp!
Your crimson imp dies!
Your crimson imp disappears in a puff of smoke!
Casting: Call Imp (safe; 8% risk of failure)
Confirm with . or Enter, or press ? or * to list all spells.
A beastly little devil appears in a puff of frigid air.
You swap places.
Your white imp barely misses the scorpion.
The scorpion stings you.
* * * LOW HITPOINT WARNING * * *
You are lethally poisoned!
The scorpion poisons you!
It was a potion of lignification.
You turn into a tree.
Your +0 helmet melds into your body.
Your +0 robe melds into your body.
Your roots penetrate the ground.
* * * LOW HITPOINT WARNING * * *
You feel sick.
The scorpion stings you but does no damage.
Your white imp hits the scorpion but does no damage.
You are now empty-handed.
* * * LOW HITPOINT WARNING * * *
You feel sick.
It was a potion of mutation.
You feel extremely strange.
You feel a hidden potential growing inside you.
Your thoughts seem clearer.
* * * LOW HITPOINT WARNING * * *
You feel sick.
The scorpion barely misses your white imp.
Your white imp hits the scorpion.
Your white imp freezes the scorpion.
It was a potion of resistance.
You feel protected.
* * * LOW HITPOINT WARNING * * *
You feel sick. The scorpion stings your white imp.
Your white imp hits the scorpion.
Your white imp freezes the scorpion.
The scorpion dies!
You feel your dexterity returning.
Your Polearms skill increases to level 7!
Unknown command.
It was a potion of berserk rage.
A red film seems to cover your vision as you go berserk!
You feel yourself moving faster!
You feel mighty!
You die...

#...)...# #.......#
#.####### #..##...# #.#
##..##...# #####
#........# ###...####
#...###..# #:#...#..#
#...#....# #:#._.'..####
#...#.##.# #:#...#.....#
#...#.##.#
###...##.##.####♣†##.##[#
########.........5....>.#
.# #..#######.##.#### .#
#..# #.##[# ## #..#
#.##[# # #..# #....# #
#..# #.#### # #..# #.#
##### ##.#######)#


You could see a friendly white imp (summoned).

Vanquished Creatures
  A hound (D:5)
  An orc priest (D:4)
  2 orc wizards (D:4)
  Robin (D:2)
  4 gnolls (D:3)
  An adder (D:3)
  An ufetubus (D:4)
  A worm (D:2)
  14 orcs (D:4)
  4 endoplasms
  A giant cockroach (D:1)
  9 goblins
  5 hobgoblins
  7 kobolds
  4 quokkas
  3 ball pythons (D:2)
  5 bats
  4 frilled lizards
  3 rats
71 creatures vanquished.

Vanquished Creatures (collateral kills)
  A scorpion (D:4)
  A water moccasin skeleton (D:4)
  An adder (D:2)
  A dart slug (D:1)
  2 orcs (D:4)
  A ball python (D:1)
  A bat (D:1)
  2 giant cockroaches (D:1)
  2 hobgoblins
  3 jackals (D:1)
  A quokka (D:2)
  2 goblins
18 creatures vanquished.

Vanquished Creatures (others)
  6 plants (D:3)
6 creatures vanquished.

Grand Total: 95 creatures vanquished

Notes
Turn   | Place    | Note
-------+----------+-------------------------------------------
     0 | D:1      | edsrzf the Merfolk Summoner began the quest for the Orb.
     0 | D:1      | Reached XP level 1. HP: 13/13 MP: 3/3
   383 | D:1      | Found Qaide's Armour Shoppe.
   529 | D:1      | Reached skill level 3 in Dodging
   605 | D:1      | Reached skill level 1 in Fighting
   712 | D:1      | Reached XP level 2. HP: 16/21 MP: 5/5
  1092 | D:1      | Found a faded altar of an unknown god.
  1893 | D:1      | Reached XP level 3. HP: 9/27 MP: 6/6
  2642 | D:2      | Reached skill level 2 in Fighting
  2782 | D:2      | Reached skill level 4 in Dodging
  3230 | D:2      | Noticed Robin
  3343 | D:2      | Identified 3 scrolls of fear
  3769 | D:2      | Reached XP level 4. HP: 19/34 MP: 4/7
  4229 | D:2      | Killed Robin
  4431 | D:3      | Noticed a black bear
  4655 | D:3      | Found a transporter.
  4664 | D:3      | Noticed vykuza's ghost (amateur DrVM)
  4679 | D:3      | Identified the +6 trident of Dissatisfaction {elec,
                  | *Corrode rF++ Dex+7}
  4679 | D:3      | Identified the +1 ring mail "Eckititz" {Rampage}
  4679 | D:3      | Noticed a gnoll sergeant
  4789 | D:3      | Found a transporter.
  5123 | D:3      | Reached skill level 3 in Fighting
  5163 | D:3      | Reached skill level 5 in Dodging
  5176 | D:3      | Reached skill level 1 in Polearms
  5179 | D:3      | Reached XP level 5. HP: 40/41 MP: 5/8
  5188 | D:3      | Reached skill level 2 in Polearms
  5817 | D:4      | Learned a level 2 spell: Call Imp
  5906 | D:4      | Reached skill level 3 in Polearms
  5956 | D:4      | Identified 2 scrolls of amnesia
  6014 | D:4      | Identified 5 potions of curing
  6238 | D:4      | Found a shimmering blue altar of Sif Muna.
  6598 | D:4      | Reached skill level 4 in Polearms
  6613 | D:4      | Reached XP level 6. HP: 24/47 MP: 9/9
  6686 | D:4      | Reached skill level 5 in Polearms
  7014 | D:4      | Identified the +3 dagger of Zufui {freeze, rF- rN+ Str+5}
  7023 | D:4      | Found a staircase to the Ecumenical Temple.
  7059 | D:4      | Identified 4 potions of might
  7062 | D:4      | Identified 3 potions of degeneration
  7063 | D:4      | Identified 2 potions of heal wounds
  7070 | D:4      | Reached skill level 6 in Polearms
  7436 | D:4      | Found a broken altar of Ashenzari.
  7452 | D:5      | Entered Level 5 of the Dungeon
  7567 | D:4      | Identified 2 scrolls of identify
  7567 | D:4      | Identified a potion of flight
  7577 | D:4      | Identified a scroll of torment
  7590 | D:4      | Identified 2 potions of lignification
  7590 | D:4      | HP: 3/70 [poisoned by a scorpion]
  7592 | D:4      | Identified 2 potions of mutation
  7592 | D:4      | Gained mutation: You have hidden genetic potential. [potion
                  | of mutation]
  7592 | D:4      | Gained mutation: You possess an exceptional clarity of
                  | mind. [potion of mutation]
  7592 | D:4      | HP: 1/70 [poisoned by a scorpion]
  7593 | D:4      | Identified a potion of resistance
  7594 | D:4      | Reached skill level 7 in Polearms
  7594 | D:4      | Identified a potion of berserk rage
  7594 | D:4      | Succumbed to a scorpion's poison

Illustrated notes

Levels and vault maps discovered:
D:1:      lightli_arrival_maybe_door_vault, layout_loops_ring, serial_shops,
          nicolae_shop_waterfront, shapermc_ecumenical_altar_pompeii,
          st_stairs_7, minmay_tall_x
D:2:      layout_basic, uniq_robin
D:3:      layout_rooms, gammafunk_ghost_gnarly_gnolls, uniq_crazy_yiuf_cottage
D:4:      layout_loops_ring, nicolae_sif_muna_little_library,
          mainiacjoe_overflow_alcove_4, minmay_temple_entry_statues_pillars,
          ebering_dispersal_statue_hall
D:5:      layout_cave_pools, grunt_temple_overflow_open,
          kennysheep_opposing_triangles

Skill      XL: |  1  2  3  4  5  6 |
---------------+-------------------+-----
Dodging        | 3 4 5 |  5.0
Fighting       | 1 2 3 |  3.0
Polearms       | 1 4 7 |  7.1
Stealth        | |  2.1
Spellcasting   | |  2.0
Summonings     | |  4.0

Action                   |  1- 3 |  4- 6 || total
-------------------------+-------+-------++-------
Melee: Unarmed           |   187 |       ||   187
       Punch             |     3 |     1 ||     4
       Long sword        |    92 |    90 ||   182
       Trident           |       |    93 ||    93
Throw: Boomerang         |     2 |    42 ||    44
       Dart              |       |     4 ||     4
 Cast: Summon Small Mamm |    31 |    13 ||    44
       Call Imp          |       |     6 ||     6
  Use: Scroll            |     1 |     5 ||     6
       Potion            |       |    13 ||    13
 Stab: Sleeping          |     3 |     6 ||     9
       Distracted        |     2 |       ||     2
Armor: Robe              |    63 |    42 ||   105
       Skin              |       |     1 ||     1
Dodge: Dodged            |   207 |   142 ||   349

Table legend: (Time is in decaauts)
 A = Elapsed time spent in this place.
 B = Non-inter-level travel time spent in this place.
 C = Inter-level travel time spent in this place.
 D = Time resting spent in this place.
 E = Time spent auto-exploring this place.
 F = Levels seen in this place.
 G = Mean time per level.
                   A        B        C        D        E       F      G
               +--------+--------+--------+--------+--------+-----+--------+
         Total |   7655 |   7398 |    257 |   3616 |   2329 |   5 | 1531.0 |
       Dungeon |   7655 |   7398 |    257 |   3616 |   2329 |   5 | 1531.0 |
               +--------+--------+--------+--------+--------+-----+--------+

Top non-repeatable levels by time:
     D:1: 2649 daAuts
     D:4: 2232 daAuts
     D:2: 2064 daAuts
     D:3: 682 daAuts
     D:5: 26 daAuts
